 Dungeon Crawl Stone Soup version 0.28-a0-533-g9f97627e2a (webtiles) character file.

Game seed: 14825478003723654899

7 Spaninq the Sneak (level 1, -1/11 HPs)
             Began as a Spriggan Delver on Sept 25, 2021.
             Slain by a quokka (3 damage)
             ... on level 5 of the Dungeon.
             The game lasted 00:01:12 (85 turns).

Spaninq the Sneak (Spriggan Delver)                   Turns: 85, Time: 00:01:12

Health: -1/11      AC:  2    Str:  8    XL:     1   Next: 83%
Magic:  2/2        EV: 17    Int: 11    God:
Gold:   0          SH:  0    Dex: 16    Spells: 0/0 levels left

rFire   . . .      SeeInvis +   a - +0 short sword
rCold   . . .      Faith    .   (shield restricted)
rNeg    . . .      Spirit   .   b - +0 robe
rPois   .          Reflect  .   (helmet restricted)
rElec   .          Harm     .   (no cloak)
rCorr   .          Rampage  .   (gloves unavailable)
Will    .....                   (boots unavailable)
Stlth   ++++......              (no amulet)
HPRegen 0.03/turn               (no ring)
MPRegen 0.08/turn               (no ring)

@: very quick
A: very small, no large weapons, unfitting armour, see invisible, speed 3
a: no special abilities


You were on level 5 of the Dungeon.
You visited 1 branch of the dungeon, and saw 2 of its levels.

Inventory:

Hand Weapons
 a - a +0 short sword (weapon)
Armour
 b - a +0 robe (worn)
Wands
 g - a wand of digging (3)
Scrolls
 c - a scroll of fog
 d - a scroll of magic mapping
 e - a scroll of fear
Potions
 f - a potion of haste
 h - a potion of brilliance {unknown}


   Skills:
 + Level 2.5 Fighting
 * Level 2.5 Short Blades
 + Level 2.9 Dodging
 + Level 7.3 Stealth


You couldn't memorise any spells.
You didn't know any spells.
Your spell library contained the following spells:

 Spells                   Type           Power      Damage    Failure   Level
 Tukima's Dance           Hex            0%         N/A       71%         3
 Passage of Golubria      Tloc           N/A        N/A       98%         4
 Yara's Violent Unravell  Hex/Tmut       0%         3d3       100%        5


Dungeon Overview and Level Annotations

Branches:
Dungeon (5/15)
 Temple: D:4-7

Altars:

Portals:
Sewer: D:5


Innate Abilities, Weirdness & Mutations

You are very small and have problems with some larger weapons.
You are too small for most types of armour.
You have supernaturally acute eyesight. (SInv)
You cover ground extremely quickly. (Speed+++)


Message History

You hear the slow rusting of a drain.
The quokka completely misses you.
You hit the quokka.
You kill the quokka!
You enter the shallow water.
Moving in this stuff is going to be slow.
You see here a giant cockroach corpse.
A giant cockroach comes into view.
You enter the shallow water.
Moving in this stuff is going to be slow.
A giant cockroach comes into view.
A quokka and 2 giant cockroaches come into view.
Found a glowing drain.
The helpless giant cockroach fails to defend itself.
You impale the giant cockroach!!
You kill the giant cockroach!
Why would you want to do that?
You enter the shallow water.
Moving in this stuff is going to be slow.
A quokka comes into view.
The helpless giant cockroach fails to defend itself.
You impale the giant cockroach!!
You kill the giant cockroach!
You hit the quokka but do no damage.
The quokka splashes around in the water.
You barely miss the quokka. The quokka bites you.
* * * LOW HITPOINT WARNING * * *
You closely miss the quokka. The quokka barely misses you.
You closely miss the quokka.
The quokka splashes around in the water.
You hit the quokka.
The quokka is heavily wounded.
The quokka misses you.
You miss the quokka.
The quokka is heavily wounded.
The quokka barely misses you. The quokka misses you.
You hit the quokka but do no damage.
The quokka is heavily wounded.
The quokka bites you.
You die...

... #......##.# #.#
#.....<.o.#
#.#####.####.##....o
#.........##.##....o
.....##..#########..
..#......≈.≈.†≈.≈##.
#..###..≈≈≈≈≈≈≈≈#.#
#... #########..#
#.# ##≈≈≈≈≈≈@.# #
#≈≈≈.BBr≈##
r.≈≈≈≈≈≈## ..#######


You could see a quokka and 2 giant cockroaches.

Vanquished Creatures
  3 giant cockroaches (D:5)
  2 quokkas (D:5)
5 creatures vanquished.

Notes
Turn   | Place    | Note
-------+----------+-------------------------------------------
     0 | D:5      | Spaninq the Spriggan Delver began the quest for the Orb.
     0 | D:5      | Reached XP level 1. HP: 11/11 MP: 2/2
    35 | D:4      | Noticed a killer bee
    35 | D:4      | Noticed a killer bee
    35 | D:4      | Noticed a killer bee
    35 | D:4      | Noticed a killer bee
    36 | D:4      | Noticed a killer bee
    37 | D:5      | Noticed an orc priest
    73 | D:5      | Found a glowing drain.
    85 | D:5      | Slain by a quokka

Illustrated notes

Levels and vault maps discovered:
D:4:      layout_cave_pods, pdpol_temple_overflow_zin_treasury_gozag_greed,
          jmf_multi_god_temple, nicolae_sif_muna_little_library,
          ebering_ghost_disaster_area, kennysheep_doodads,
          minmay_manual_monstrance
D:5:      layout_loops_cross, gup_sewer_entry_pipe

Action                   || total
-------------------------++-------
Melee: Short sword       ||    24
 Stab: Sleeping          ||     2
Dodge: Dodged            ||    12

Table legend: (Time is in decaauts)
 A = Elapsed time spent in this place.
 B = Non-inter-level travel time spent in this place.
 C = Inter-level travel time spent in this place.
 D = Time resting spent in this place.
 E = Time spent auto-exploring this place.
 F = Levels seen in this place.
 G = Mean time per level.
                   A        B        C        D        E       F      G
               +--------+--------+--------+--------+--------+-----+--------+
         Total |     66 |     66 |      0 |      0 |     12 |   2 |   33.0 |
       Dungeon |     66 |     66 |      0 |      0 |     12 |   2 |   33.0 |
               +--------+--------+--------+--------+--------+-----+--------+

Top non-repeatable levels by time:
     D:5: 65 daAuts
     D:4: 1 daAuts
